Map: Overgrowth LE (Void)

Players

Musumeci

  • Race: Zerg Zerg
  • League: Diamond
  • Spawn Location: 1:00

SentryKing - Winner!

  • Race: Protoss Protoss
  • League: Diamond
  • Spawn Location: 7:00

VOD

Have the link to the VOD?

Description

Time

  • Played on: Dec. 28, 2016, 9:53 a.m.
  • Length: 11:16
Show
View Real Time Build Order
Export as new Build Order

Musumeci Zerg 

Build Orders: Hatch First 

Get SALT Encoding   

  12  0:01  Drone  
  13  0:08  Drone  
  14  0:18  Drone, Extractor  
  15  0:39  Hatchery  
  14  0:45  Drone, Extractor  
  15  1:00  Spawning Pool  
  14  1:13  Drone, Extractor x2  
  14  1:14  Drone  
  16  1:20  Overlord  
  16  1:21  Extractor  
  15  1:41  Drone x2  
  15  1:46  Drone  
  15  1:47  Queen  
  20  2:01  Queen  
  22  2:05  Drone  
  23  2:10  Drone  
  23  2:12  Drone  
  25  2:23  Metabolic Boost  
  25  2:27  Drone x2  
  25  2:29  Drone  
  28  2:37  Overlord  
  28  2:41  Overlord  
  28  2:56  Drone  
  28  2:57  Drone  
  30  3:07  Zergling x2  
  30  3:10  Hatchery  
  30  3:16  Zergling x4  
  32  3:24  Zergling x6  
  35  3:41  Zergling x2  
  36  3:51  Evolution Chamber, Lair  
  36  3:52  Extractor  
  36  3:53  Drone  
  36  3:54  Drone  
  36  4:04  Overlord x2  
  37  4:24  Drone x7  
  37  4:30  Zergling x6  
  46  4:38  Zerg Melee Weapons Level 1  
  46  4:41  Drone x5  
  51  4:50  Drone x2  
  53  4:58  Drone x3  
  56  5:01  Queen  
  56  5:05  Extractor x2  
  56  5:06  Spire  
  55  5:10  Zergling x6  
  56  5:33  Drone x2  
  58  5:36  Overlord x4  
  58  5:37  Extractor  
  58  5:38  Extractor  
  55  5:46  Zergling x6  
  57  6:03  Drone x3  
  57  6:04  Drone x6  
  65  6:14  Drone x4  
  65  6:15  Drone x2  
  65  6:16  Drone  
  72  6:19  Overlord x4  
  71  6:42  Zergling x24  
  82  6:49  Mutalisk x4  
  90  6:55  Mutalisk x2  
  90  6:58  Mutalisk  
  96  7:04  Mutalisk  
  96  7:06  Mutalisk x2  
  97  7:18  Overseer  
  97  7:20  Overseer  
  97  7:23  Mutalisk x3  
  97  7:27  Zergling x18  
  107  7:41  Zergling x6  
  103  7:56  Mutalisk x4  
  99  8:11  Zergling x10  
  101  8:31  Zergling x8  
  78  8:49  Overlord x2  
  78  8:50  Overlord x3  
  55  9:12  Zergling x18  
  50  9:53  Hatchery  
  40  10:00  Hatchery  
Show
View Real Time Build Order
Export as new Build Order

SentryKing Protoss - Winner!

Build Orders: Nexus First, Zealot Archon, Dark Templar Rush 

Get SALT Encoding   

  12  0:01  Probe (Chrono Boost)  
  13  0:11  Probe (Chrono Boost)  
  14  0:21  Pylon  
  14  0:22  Probe (Chrono Boost)  
  15  0:40  Probe (Chrono Boost)  
  16  0:50  Probe (Chrono Boost)  
  17  1:02  Nexus  
  17  1:12  Gateway  
  17  1:14  Probe (Chrono Boost)  
  18  1:27  Assimilator, Probe (Chrono Boost)  
  19  1:38  Gateway, Probe (Chrono Boost)  
  20  1:47  Assimilator  
  20  1:49  Probe (Chrono Boost)  
  21  1:56  Pylon  
  21  2:00  Probe (Chrono Boost)  
  22  2:11  Cybernetics Core  
  22  2:12  Probe (Chrono Boost)  
  23  2:16  Probe (Chrono Boost)  
  24  2:23  Probe (Chrono Boost)  
  24  2:27  Probe (Chrono Boost)  
  26  2:33  Probe (Chrono Boost)  
  27  2:39  Probe (Chrono Boost)  
  27  2:44  Probe (Chrono Boost)  
  29  2:48  Warp Gate  
  29  2:49  Stalker, Probe (Chrono Boost)  
  32  2:53  Stalker  
  32  2:55  Probe (Chrono Boost)  
  35  3:06  Probe (Chrono Boost)  
  35  3:07  Twilight Council  
  35  3:10  Probe (Chrono Boost)  
  37  3:15  Pylon  
  37  3:17  Probe (Chrono Boost)  
  38  3:21  Probe (Chrono Boost)  
  39  3:28  Probe (Chrono Boost)  
  39  3:32  Probe (Chrono Boost)  
  39  3:33  Robotics Facility  
  41  3:43  Probe (Chrono Boost)  
  41  3:46  Dark Shrine, Probe (Chrono Boost)  
  43  3:54  Probe (Chrono Boost)  
  44  3:56  Probe (Chrono Boost)  
  45  4:03  Nexus  
  45  4:05  Pylon  
  45  4:06  Probe (Chrono Boost)  
  45  4:08  Pylon  
  45  4:09  Assimilator  
  46  4:12  Assimilator  
  46  4:21  Probe (Chrono Boost)  
  46  4:27  Gateway  
  46  4:30  Warp Prism, Gateway  
  46  4:31  Probe (Chrono Boost)  
  47  4:37  Pylon, Probe (Chrono Boost)  
  51  4:45  Probe (Chrono Boost)  
  51  4:53  Probe (Chrono Boost)  
  51  4:54  Stalker  
  51  4:56  Stalker  
  51  4:59  Pylon  
  56  5:00  Pylon  
  55  5:32  Stalker x2  
  59  5:46  Probe (Chrono Boost)  
  60  5:56  Sentry  
  58  6:02  Shadow Stride  
  56  6:09  Gateway  
  56  6:11  Observer  
  56  6:14  Gateway x2  
  57  6:20  Stalker x4  
  65  6:39  Gateway  
  65  6:43  Dark Templar  
  65  6:44  Dark Templar x3  
  73  6:57  Pylon  
  73  6:59  Pylon  
  73  7:02  Pylon  
  73  7:17  Dark Templar x6  
  73  7:18  Dark Templar  
  87  7:24  Pylon  
  87  7:31  Pylon  
  87  7:45  Nexus  
  87  7:49  Stalker, Pylon  
  87  7:51  Archon x4  
  87  7:52  Stalker, Archon  
  87  7:53  Stalker x5  
  99  8:02  Warp Prism  
  98  8:14  Zealot  
  98  8:16  Zealot x2  
  98  8:17  Zealot x4  
  105  8:26  Zealot  
  59  8:44  Zealot x2  
  59  9:04  Zealot x5  
Tags
 
Add a new tag
Caveats
  • Supply blocks, unpowered buildings, or Contaminate may cause inaccurate times.
  • Supply counts are checked every 10 seconds.